 Dungeon Crawl Stone Soup version 0.29.0-5-ge4962eb29e (webtiles) character file.

Game seed: 8676233717978431443

4 sentinel the Digger (level 1, 0/14 HPs)
             Began as a Meteoran Earth Elementalist on Aug 29, 2022.
             Slain by a jackal (2 damage)
             ... on level 1 of the Dungeon.
             The game lasted 00:00:09 (45 turns).

sentinel the Digger (Meteoran Earth Elementalist)     Turns: 45, Time: 00:00:09

Health: 0/14       AC:  2    Str:  9    XL:     1   Next: 85%
Magic:  1/5        EV: 12    Int: 16    God:
Gold:   0          SH:  0    Dex: 14    Spells: 4/5 levels left

rFire   . . .      SeeInvis .   (no weapon)
rCold   . . .      Faith    .   (no shield)
rNeg    . . .      Spirit   .   a - +0 robe
rPois   .          Reflect  .   (no helmet)
rElec   .          Harm     .   (no cloak)
rCorr   .          Rampage  .   (no gloves)
Will    .....                   (no boots)
Stlth   +.........              (no amulet)
HPRegen 0.04/turn               (no ring)
MPRegen 0.09/turn               (no ring)

@: very slightly contaminated, glowing
A: sense surroundings 1, otherworldly, glowing, explore regen
a: no special abilities


You were on level 1 of the Dungeon.
You visited 1 branch of the dungeon, and saw 1 of its levels.

Inventory:

Armour
 a - a +0 robe (worn)
Potions
 c - 2 potions of berserk rage {unknown}


   Skills:
 - Level 2.4 Dodging
 - Level 1.4 Stealth
 - Level 2.6 Spellcasting
 - Level 1.2 Transmutations
 + Level 4.0 Earth Magic


You had 4 spell levels left.
You knew the following spells:

 Your Spells              Type           Power      Damage    Failure   Level
a - Sandblast             Erth           30%        2d9       3%          1

Your spell library contained the following spells:

 Spells                   Type           Power      Damage    Failure   Level
 Passwall                 Tmut/Erth      8%         N/A       10%         2
 Stone Arrow              Conj/Erth      16%        3d8       26%         3
 Petrify                  Tmut/Erth      10%        N/A       54%         4


Dungeon Overview and Level Annotations

Branches:
Dungeon (1/15) Zot: 550

Altars:


Innate Abilities, Weirdness & Mutations

You passively map a small area around you.
You are easily found by Zot.
You glow in the dark.
You regain HP and MP as you explore.


Message History

Welcome, sentinel the Meteoran Earth Elementalist.
You feel drawn to the Orb of Zot, downwards into the unfathomable depths...
Press ? for a list of commands and other information.
Found 2 clear potions.
Found a staircase leading out of the dungeon.
c - 2 clear potions An endoplasm comes into view.
The endoplasm quivers.
But you're not safe!
The blast of sand hits the endoplasm.
You kill the endoplasm!
You can't see any susceptible monsters within range! (Use Z to cast anyway.) Magic restored.
A jackal comes into view.
You can't see any susceptible monsters within range! (Use Z to cast anyway.)
You can't see any susceptible monsters within range! (Use Z to cast anyway.) But you're not safe!
A jackal comes into view.
The jackal barks! x2; You hear an angry hiss.
A jackal comes into view. x2
The jackal barks!
The blast of sand misses the jackal.
The jackal barks!
A frilled lizard comes into view.
The jackal closely misses you.
The blast of sand hits the jackal.
The jackal is severely wounded.
The blast of sand hits the jackal.
The jackal is severely wounded.
The jackal barely misses you.
The jackal bites you but does no damage.
The blast of sand misses the jackal.
The blast of sand hits the jackal but does no damage.
The jackal bites you. x2
You miscast Sandblast.
You are very lightly contaminated with residual magic.
Nothing appears to happen.
The jackal bites you. The jackal misses you.
You miscast Sandblast.
Nothing appears to happen.
The jackal completely misses you.
You are out of magic!
You are out of magic!
You are out of magic!
Magic courses through your body. The jackal closely misses you.
The blast of sand hits the jackal!
You kill the jackal!
The jackal bites you. x2
* * * LOW HITPOINT WARNING * * *
You are too injured to fight recklessly!
You are too injured to fight recklessly!
You are too injured to fight recklessly!
You are too injured to fight recklessly!
Casting: Sandblast (safe; 4% risk of failure)
Confirm with . or Enter, or press ? or * to list all spells.
Aiming: Sandblast (safe; 4% risk of failure)
Press: ? - help, Shift-Dir - straight line, f - jackal
Aim: a jackal (77% to hit)
The blast of sand hits the jackal.
The jackal is moderately wounded.
The jackal bites you.
* * * LOW HITPOINT WARNING * * *
The jackal completely misses you.
HP warning!
Casting: Sandblast (safe; 4% risk of failure)
Confirm with . or Enter, or press ? or * to list all spells.
Aiming: Sandblast (safe; 4% risk of failure)
Press: ? - help, Shift-Dir - straight line, f/p - jackal
Aim: a jackal (moderately wounded, 77% to hit)
The blast of sand hits the jackal!
You kill the jackal!
The jackal bites you.
* * * LOW HITPOINT WARNING * * *
Your Earth Magic skill increases to level 4!
HP warning!
Casting: Sandblast (safe; 3% risk of failure)
Confirm with . or Enter, or press ? or * to list all spells.
Aiming: Sandblast (safe; 3% risk of failure)
Press: ? - help, Shift-Dir - straight line, f - jackal
Aim: a jackal (severely wounded, 77% to hit)
You miscast Sandblast.
Nothing appears to happen.
The jackal bites you.
You die...

, * , * *### #
..# , .. * #.# #.
* #.# , #.. ##.##
, .. * ##...## ,
#l######.....## ,
,#hh@..........#
* * *
#...###.........#
* #.#
#.#.......### # *
#.#.........#
#.###...###.# *,
#.# #######.# #.#
#...##.# , , ..#
#.#....# ###
#.######


You could see 2 jackals and a frilled lizard.

Vanquished Creatures
  An endoplasm (D:1)
  2 jackals (D:1)
3 creatures vanquished.

Notes
Turn   | Place    | Note
-------+----------+-------------------------------------------
     0 | D:1      | sentinel the Meteoran Earth Elementalist began the quest
                  | for the Orb.
     0 | D:1      | Reached XP level 1. HP: 14/14 MP: 5/5
    45 | D:1      | Reached skill level 4 in Earth Magic
    45 | D:1      | Slain by a jackal

Illustrated notes

Levels and vault maps discovered:
D:1:      dpeg_arrival_rhombus, layout_loops_ring, minivault_4

Skill      XL: |  1 |
---------------+----+-----
Earth Magic    | 4 |  4.0
Dodging        | |  2.4
Stealth        | |  1.4
Spellcasting   | |  2.6
Transmutations | |  1.2

Action                   || total
-------------------------++-------
 Cast: Sandblast         ||     8
  Use: Potion            ||     1
Armor: Robe              ||     1
Dodge: Dodged            ||     6
